Workbook

Sheet Disclaimer
A1: Disclaimer - Important notices
A4: (i) The Product Information displayed on this Site has been uploaded by the Issuers of the relevant Products. None of the information displayed on this Site shall form the basis of any contract. Any User of this Site will be required to acknowledge that it has not relied on, or been induced to enter into any contract by, any representation or warranty.
A5: (ii) The Covered Bond Label Foundation has not independently verified the Product Information displayed on this Site. Accordingly, no representation, warranty or undertaking, express or implied, is made, and no responsibility is accepted, by the Covered Bond Label Foundation as to or in relation to the accuracy or completeness or otherwise of such Product Information."
A6: (iii) The information provided on or accessible through the Site is not intended for distribution to, or use by, any person or entity in any jurisdiction where such distribution or use would be contrary to local law, or which would subject us or any Issuer, to any authorisation, registration or other requirement within such jurisdiction. You agree not to use or export the information or materials available on or through this Site in violation of laws in your jurisdiction.
A8: TERMS OF USE
A9: This website www.coveredbondlabel.com (the "Site") is owned and operated by the Covered Bond Label Foundation (the Covered Bond Label Foundation together with its affiliates, "we" or "us") a Private Foundation (fondation privée / private stichting) registered in Belgium; whose registered office is at Rue de la Science 14 - 1040 Brussels - Belgium and registered under number 500.950.659 (RPR/RPM Brussels).
A10: The Site is intended for use as a directory of information relating to certain covered bond products ("Products") (the "Product Information") by an issuer of ("Issuer"), or potential investor in ("Investor"), such Products (an Issuer, Investor, or any other person accessing this Site, each a "User" or "you"). The Product Information is provided by each relevant Issuer, and remains at all times the sole responsibility of the relevant Issuer. We have not independently verified any Product Information, nor reviewed whether any Product for which information is available on the Site actually is a covered bond product. This Site or any label made available through it does not constitute, nor contain, any form of credit rating, any offer to sell (or the solicitation of an offer to purchase) any Product, nor does it constitute a recommendation, or investment advice (or any other type of advice) upon which reliance should be placed.
A11: These terms and conditions together with the documents referred to in them set out the terms of use ("T&Cs") on which (a) an Issuer; (b) Investor; or (c) any other User, may make use of the Site. Section A applies primarily to Investors, and Section B applies primarily to Issuers. The General T&Cs in Section C apply to all Users.
A12: Our Acceptable Use Policy and Privacy Policy are incorporated into these T&Cs.
A13: Please read the T&Cs carefully before you start to use the Site. By clicking 'Accept' you indicate that you accept these T&Cs and that you agree to abide by them.
A14: If any provision of these T&Cs shall be deemed unlawful, void or for any reason unenforceable, then that provision shall be deemed severable from these terms and shall not affect the validity and enforceability of any remaining provisions.
A16: SECTION A. INVESTOR T&Cs
... A169: If you have any questions about this policy, the collection and use of your personal information or other privacy-specific concerns please contact us by clicking on Contact Us .

Sheet Introduction
F5: Harmonised Transparency Template
D6: 2026 Version
F7: Finland
F8: S-Pankki
F9: Reporting date: 01/10/26
F10: Cut-off Date: 30/09/26
F22: Index
D24: Worksheet A: HTT General | E24: Tab 1: Harmonised Transparency Template
D26: Worksheet B1: HTT Mortgage Assets
D28: Worksheet B2: HTT Public Sector Assets | E28: Tab 1: Harmonised Transparency Template
D30: Worksheet B3: HTT Shipping Assets | E30: Tab 1: Harmonised Transparency Template
D32: Worksheet C: HTT Harmonised Glossary | E32: Tab 1: Harmonised Transparency Template
D34: Covered Bond Label Disclaimer | E34: Tab 1: Harmonised Transparency Template
D36: Worksheet D & Onwards (If Any): National Transparency Template
D38: Worksheet E: Optional ECB-ECAIs data
D40: Worksheet F1: Sustainable M data | E40: Tab 1: Harmonised Transparency Template

Sheet A. HTT General
A1: A. Harmonised Transparency Template - General Information | F1: HTT 2026
B3: Reporting in Domestic Currency | C3: EUR
B5: CONTENT OF TAB A
B6: 1. Basic Facts
B7: 2. Regulatory Summary
B8: 3. General Cover Pool / Covered Bond Information | F8: `
B9: 4. Compliance Art 14 CBD Check Table
B10: 5. References to Capital Requirements Regulation (CRR) 129(1)
B11: 6. Other relevant information
A13: Field Number | B13: 1. Basic Facts
A14: G.1.1.1 | B14: Country | C14: Finland
A15: G.1.1.2 | B15: Issuer Name | C15: S-Pankki
A16: G.1.1.3 | B16: Labelled Cover Pool Name | C16: S-Bank Cover Pool
A17: G.1.1.4 | B17: Link to Issuer's Website | C17: https://www.s-pankki.fi/
A18: G.1.1.5 | B18: Cut-off date | C18: 30/09/26
A19: G.1.1.6 | B19: Cover Pool's FIGI Identifier (non-mandatory) | C19: BBG01JRN4681
A20: OG.1.1.2 | B20: Optional information e.g. Contact names
A21: OG.1.1.3 | B21: Optional information e.g. Parent name
A22: OG.1.1.4
A23: OG.1.1.5
A24: OG.1.1.6
A25: OG.1.1.7
B26: 2. Regulatory Summary
A27: G.2.1.1 | B27: Basel Compliance, subject to national jurisdiction (Y/N) | C27: Y
A28: G.2.1.2 | B28: CBD Compliance | C28: Y | W28: Yes
A29: G.2.1.3 | B29: CRR Compliance (Y/N) | C29: Y | W29: No
A30: OG.2.1.1 | B30: LCR status | C30: https://www.coveredbondlabel.com/issuer/225-s-bank-plc | W30: Non-EEA, Art 14 CBD compliant
A31: OG.2.1.2
A32: OG.2.1.3
A33: OG.2.1.4
A34: OG.2.1.5
A35: OG.2.1.6
B36: 3. General Cover Pool / Covered Bond Information
B37: 1.General Information | C37: Nominal (mn)
A38: G.3.1.1 | B38: Total Cover Assets | C38: 3125.1131
A39: G.3.1.2 | B39: Outstanding Covered Bonds | C39: 1000
A40: OG.3.1.1 | B40: Cover Pool Size [NPV] (mn) | C40: 3132.7109
A41: OG.3.1.2 | B41: Outstanding Covered Bonds [NPV] (mn) | C41: 997.24892
A42: OG.3.1.3
A43: OG.3.1.4
B44: 2. Over-collateralisation (OC) | C44: Statutory | D44: Voluntary | F44: Contractual | G44: Purpose
A45: G.3.2.1 | B45: OC (%) | C45: 0.02 | D45: =IF(OR(C38="[For completion]",C39="[For completion]"),"Please complete G.3.1.1 and G.3.1.2",(C38/C39-1-MAX(C45,F45))) -> 2.1051131 | F45: 0 | G45: ND1
A47: G.3.2.3 | B47: Total OC (absolute value in mn) | C47: =IF(OR(C38="[For completion]",C39="[For completion]"),"", C38-C39) -> 2125.1131
A48: OG.3.2.1
A49: OG.3.2.2 | B49: Optional information e.g. Asset Coverage Test (ACT)
A50: OG.3.2.3 | B50: Optional information e.g. OC (NPV basis)
A51: OG.3.2.4 | B51: OC in accordance with the National Legal Framework
B52: 3. Cover Pool Composition | C52: Nominal (mn) | F52: % Cover Pool
A53: G.3.3.1 | B53: Mortgages | C53: 3125.1131 | F53: =IF($C$58=0,"",IF(C53="[for completion]","",C53/$C$58)) -> 1
A54: G.3.3.2 | B54: Public Sector | C54: 0 | F54: =IF($C$58=0,"",IF(C54="[for completion]","",C54/$C$58)) -> 0
A55: G.3.3.3 | B55: Shipping | C55: 0 | F55: =IF($C$58=0,"",IF(C55="[for completion]","",C55/$C$58)) -> 0
A56: G.3.3.4 | B56: Substitute Assets | C56: 0 | F56: =IF($C$58=0,"",IF(C56="[for completion]","",C56/$C$58)) -> 0
A57: G.3.3.5 | B57: Other | C57: 0 | F57: =IF($C$58=0,"",IF(C57="[for completion]","",C57/$C$58)) -> 0
A58: G.3.3.6 | B58: Total | C58: =IF(COUNT(C53:C57)=0, 0, IF(SUM(C53:C57)=C38, SUM(C53:C57), "The total should equal the Total Cover Assets reported in C38")) -> 3125.1131 | F58: =SUM(F53:F57) -> 1
A59: OG.3.3.1 | B59: o/w [If relevant, please specify] | F59: =IF($C$58=0,"",IF(C59="[for completion]","",C59/$C$58)) -> 0
A60: OG.3.3.2 | B60: o/w [If relevant, please specify] | F60: =IF($C$58=0,"",IF(C60="[for completion]","",C60/$C$58)) -> 0
A61: OG.3.3.3 | B61: o/w [If relevant, please specify] | F61: =IF($C$58=0,"",IF(C61="[for completion]","",C61/$C$58)) -> 0
A62: OG.3.3.4 | B62: o/w [If relevant, please specify] | F62: =IF($C$58=0,"",IF(C62="[for completion]","",C62/$C$58)) -> 0
A63: OG.3.3.5 | B63: o/w [If relevant, please specify] | F63: =IF($C$58=0,"",IF(C63="[for completion]","",C63/$C$58)) -> 0
A64: OG.3.3.6 | B64: o/w [If relevant, please specify] | F64: =IF($C$58=0,"",IF(C64="[for completion]","",C64/$C$58)) -> 0
B65: 4. Cover Pool Amortisation Profile | C65: Contractual | D65: Expected Upon Prepayments | F65: % Total Contractual | G65: % Total Expected Upon Prepayments
A66: G.3.4.1 | B66: Weighted Average Life (in years) | C66: 7.53 | D66: ND1
B68: Residual Life (mn)
B69: By buckets:
A70: G.3.4.2 | B70: 0 - 1 Y | C70: 9.069283 | D70: ND1 | F70: =IF($C$77=0,"",IF(C70="[for completion]","",C70/$C$77)) -> 0.0029020656 | G70: =IF($D$77=0,"",IF(D70="[Mark as ND1 if not relevant]","",D70/$D$77))
A71: G.3.4.3 | B71: 1 - 2 Y | C71: 10.281601 | D71: ND1 | F71: =IF($C$77=0,"",IF(C71="[for completion]","",C71/$C$77)) -> 0.0032899933 | G71: =IF($D$77=0,"",IF(D71="[Mark as ND1 if not relevant]","",D71/$D$77))
A72: G.3.4.4 | B72: 2 - 3 Y | C72: 14.476677 | D72: ND1 | F72: =IF($C$77=0,"",IF(C72="[for completion]","",C72/$C$77)) -> 0.0046323689 | G72: =IF($D$77=0,"",IF(D72="[Mark as ND1 if not relevant]","",D72/$D$77))
A73: G.3.4.5 | B73: 3 - 4 Y | C73: 28.093542 | D73: ND1 | F73: =IF($C$77=0,"",IF(C73="[for completion]","",C73/$C$77)) -> 0.0089896081 | G73: =IF($D$77=0,"",IF(D73="[Mark as ND1 if not relevant]","",D73/$D$77))
A74: G.3.4.6 | B74: 4 - 5 Y | C74: 32.044221 | D74: ND1 | F74: =IF($C$77=0,"",IF(C74="[for completion]","",C74/$C$77)) -> 0.01025378 | G74: =IF($D$77=0,"",IF(D74="[Mark as ND1 if not relevant]","",D74/$D$77))
A75: G.3.4.7 | B75: 5 - 10 Y | C75: 288.66003 | D75: ND1 | F75: =IF($C$77=0,"",IF(C75="[for completion]","",C75/$C$77)) -> 0.092367869 | G75: =IF($D$77=0,"",IF(D75="[Mark as ND1 if not relevant]","",D75/$D$77))
A76: G.3.4.8 | B76: 10+ Y | C76: 2742.4877 | D76: ND1 | F76: =IF($C$77=0,"",IF(C76="[for completion]","",C76/$C$77)) -> 0.87756432 | G76: =IF($D$77=0,"",IF(D76="[Mark as ND1 if not relevant]","",D76/$D$77))
A77: G.3.4.9 | B77: Total | C77: =SUM(C70:C76) -> 3125.1131 | D77: =SUM(D70:D76) -> 0 | F77: =SUM(F70:F76) -> 1 | G77: =SUM(G70:G76) -> 0
A78: OG.3.4.1 | B78: o/w 0-1 day | F78: =IF($C$77=0,"",IF(C78="[for completion]","",C78/$C$77)) -> 0 | G78: =IF($D$77=0,"",IF(D78="[for completion]","",D78/$D$77))
A79: OG.3.4.2 | B79: o/w 0-0.5y | F79: =IF($C$77=0,"",IF(C79="[for completion]","",C79/$C$77)) -> 0 | G79: =IF($D$77=0,"",IF(D79="[for completion]","",D79/$D$77))
A80: OG.3.4.3 | B80: o/w 0.5-1 y | F80: =IF($C$77=0,"",IF(C80="[for completion]","",C80/$C$77)) -> 0 | G80: =IF($D$77=0,"",IF(D80="[for completion]","",D80/$D$77))
A81: OG.3.4.4 | B81: o/w 1-1.5y | F81: =IF($C$77=0,"",IF(C81="[for completion]","",C81/$C$77)) -> 0 | G81: =IF($D$77=0,"",IF(D81="[for completion]","",D81/$D$77))
A82: OG.3.4.5 | B82: o/w 1.5-2 y | F82: =IF($C$77=0,"",IF(C82="[for completion]","",C82/$C$77)) -> 0 | G82: =IF($D$77=0,"",IF(D82="[for completion]","",D82/$D$77))
A83: OG.3.4.6
A84: OG.3.4.7
A85: OG.3.4.8
A86: OG.3.4.9 | F86: =IF($C$77=0,"",IF(C86="[for completion]","",C86/$C$77)) -> 0 | G86: =IF($D$77=0,"",IF(D86="[for completion]","",D86/$D$77))
A87: OG.3.4.10 | F87: =IF($C$77=0,"",IF(C87="[for completion]","",C87/$C$77)) -> 0 | G87: =IF($D$77=0,"",IF(D87="[for completion]","",D87/$D$77))
B88: 5. Maturity of Covered Bonds | C88: Initial Maturity | D88: Extended Maturity | F88: % Total Initial Maturity | G88: % Total Extended Maturity
A89: G.3.5.1 | B89: Weighted Average life (in years) | C89: 2.76575 | D89: 3.76575
B91: Maturity (mn)
A92: G.3.5.2 | B92: By buckets:
A93: G.3.5.3 | B93: 0 - 1 Y | F93: =IF($C$100=0,"",IF(C93="[for completion]","",IF(C93="","",C93/$C$100))) | G93: =IF($D$100=0,"",IF(D93="[Mark as ND1 if not relevant]","",IF(D93="","",D93/$D$100)))
A94: G.3.5.4 | B94: 1 - 2 Y | C94: 500 | F94: =IF($C$100=0,"",IF(C94="[for completion]","",IF(C94="","",C94/$C$100))) -> 0.5 | G94: =IF($D$100=0,"",IF(D94="[Mark as ND1 if not relevant]","",IF(D94="","",D94/$D$100)))
A95: G.3.5.5 | B95: 2 - 3 Y | D95: 500 | F95: =IF($C$100=0,"",IF(C95="[for completion]","",IF(C95="","",C95/$C$100))) | G95: =IF($D$100=0,"",IF(D95="[Mark as ND1 if not relevant]","",IF(D95="","",D95/$D$100))) -> 0.5
A96: G.3.5.6 | B96: 3 - 4 Y | C96: 500 | F96: =IF($C$100=0,"",IF(C96="[for completion]","",IF(C96="","",C96/$C$100))) -> 0.5 | G96: =IF($D$100=0,"",IF(D96="[Mark as ND1 if not relevant]","",IF(D96="","",D96/$D$100)))
A97: G.3.5.7 | B97: 4 - 5 Y | D97: 500 | F97: =IF($C$100=0,"",IF(C97="[for completion]","",IF(C97="","",C97/$C$100))) | G97: =IF($D$100=0,"",IF(D97="[Mark as ND1 if not relevant]","",IF(D97="","",D97/$D$100))) -> 0.5
A98: G.3.5.8 | B98: 5 - 10 Y | F98: =IF($C$100=0,"",IF(C98="[for completion]","",IF(C98="","",C98/$C$100))) | G98: =IF($D$100=0,"",IF(D98="[Mark as ND1 if not relevant]","",IF(D98="","",D98/$D$100)))
A99: G.3.5.9 | B99: 10+ Y | F99: =IF($C$100=0,"",IF(C99="[for completion]","",IF(C99="","",C99/$C$100))) | G99: =IF($D$100=0,"",IF(D99="[Mark as ND1 if not relevant]","",IF(D99="","",D99/$D$100)))
A100: G.3.5.10 | B100: Total | C100: =SUM(C93:C99) -> 1000 | D100: =SUM(D93:D99) -> 1000 | F100: =SUM(F93:F99) -> 1 | G100: =SUM(G93:G99) -> 1
A101: OG.3.5.1 | B101: o/w 0-1 day | F101: =IF($C$100=0,"",IF(C101="[for completion]","",C101/$C$100)) -> 0 | G101: =IF($D$100=0,"",IF(D101="[for completion]","",D101/$D$100)) -> 0
A102: OG.3.5.2 | B102: o/w 0-0.5y | F102: =IF($C$100=0,"",IF(C102="[for completion]","",C102/$C$100)) -> 0 | G102: =IF($D$100=0,"",IF(D102="[for completion]","",D102/$D$100)) -> 0
A103: OG.3.5.3 | B103: o/w 0.5-1 y | F103: =IF($C$100=0,"",IF(C103="[for completion]","",C103/$C$100)) -> 0 | G103: =IF($D$100=0,"",IF(D103="[for completion]","",D103/$D$100)) -> 0
A104: OG.3.5.4 | B104: o/w 1-1.5y | F104: =IF($C$100=0,"",IF(C104="[for completion]","",C104/$C$100)) -> 0 | G104: =IF($D$100=0,"",IF(D104="[for completion]","",D104/$D$100)) -> 0
A105: OG.3.5.5 | B105: o/w 1.5-2 y | F105: =IF($C$100=0,"",IF(C105="[for completion]","",C105/$C$100)) -> 0 | G105: =IF($D$100=0,"",IF(D105="[for completion]","",D105/$D$100)) -> 0
A106: OG.3.5.6
...

Sheet B1. HTT Mortgage Assets
A1: B1. Harmonised Transparency Template - Mortgage Assets | F1: HTT 2026
B3: Reporting in Domestic Currency | C3: EUR
B5: CONTENT OF TAB B1
B6: 7. Mortgage Assets
B7: 7.A Residential Cover Pool
B8: 7.B Commercial Cover Pool
A10: Field Number | B10: 7. Mortgage Assets
B11: 1. Property Type Information | C11: Nominal (mn) | F11: % Total Mortgages
A12: M.7.1.1 | B12: Residential | C12: 3125.1131 | F12: =IF($C$15=0,"",IF(C12="[for completion]","",C12/$C$15)) -> 1
A13: M.7.1.2 | B13: Commercial | C13: 0 | F13: =IF($C$15=0,"",IF(C13="[for completion]","",C13/$C$15)) -> 0
A14: M.7.1.3 | B14: Other | C14: 0 | F14: =IF($C$15=0,"",IF(C14="[for completion]","",C14/$C$15)) -> 0
A15: M.7.1.4 | B15: Total | C15: =SUM(C12:C14) -> 3125.1131 | F15: =SUM(F12:F14) -> 1
A16: OM.7.1.1 | B16: o/w Housing Cooperatives / Multi-family assets | C16: 0 | F16: =IF($C$15=0,"",IF(C16="[for completion]","",C16/$C$15)) -> 0
A17: OM.7.1.2 | B17: o/w Forest & Agriculture | F17: =IF($C$15=0,"",IF(C17="[for completion]","",C17/$C$15)) -> 0
A18: OM.7.1.3 | B18: o/w [If relevant, please specify] | F18: =IF($C$15=0,"",IF(C18="[for completion]","",C18/$C$15)) -> 0
A19: OM.7.1.4 | B19: o/w [If relevant, please specify] | F19: =IF($C$15=0,"",IF(C19="[for completion]","",C19/$C$15)) -> 0
A20: OM.7.1.5 | B20: o/w [If relevant, please specify] | F20: =IF($C$15=0,"",IF(C20="[for completion]","",C20/$C$15)) -> 0
A21: OM.7.1.6 | B21: o/w [If relevant, please specify] | F21: =IF($C$15=0,"",IF(C21="[for completion]","",C21/$C$15)) -> 0
A22: OM.7.1.7 | B22: o/w [If relevant, please specify] | F22: =IF($C$15=0,"",IF(C22="[for completion]","",C22/$C$15)) -> 0
A23: OM.7.1.8 | B23: o/w [If relevant, please specify] | F23: =IF($C$15=0,"",IF(C23="[for completion]","",C23/$C$15)) -> 0
A24: OM.7.1.9 | B24: o/w [If relevant, please specify] | F24: =IF($C$15=0,"",IF(C24="[for completion]","",C24/$C$15)) -> 0
A25: OM.7.1.10 | B25: o/w [If relevant, please specify] | F25: =IF($C$15=0,"",IF(C25="[for completion]","",C25/$C$15)) -> 0
A26: OM.7.1.11 | B26: o/w [If relevant, please specify] | F26: =IF($C$15=0,"",IF(C26="[for completion]","",C26/$C$15)) -> 0
B27: 2. General Information | C27: Residential Loans | D27: Commercial Loans | F27: Total Mortgages
A28: M.7.2.1 | B28: Number of mortgage loans | C28: 38469 | D28: 0 | F28: 38469
A29: OM.7.2.1 | B29: Optional information eg, Number of borrowers
A30: OM.7.2.2 | B30: Optional information eg, Number of guarantors
A31: OM.7.2.3
A32: OM.7.2.4
A33: OM.7.2.5
A34: OM.7.2.6
B35: 3. Concentration Risks | C35: % Residential Loans | D35: % Commercial Loans | F35: % Total Mortgages
A36: M.7.3.1 | B36: 10 largest exposures | C36: 0.00456 | D36: 0 | F36: 0.00456
A37: OM.7.3.1
A38: OM.7.3.2
A39: OM.7.3.3
A40: OM.7.3.4
A41: OM.7.3.5
A42: OM.7.3.6
B43: 4. Breakdown by Geography | C43: % Residential Loans | D43: % Commercial Loans | F43: % Total Mortgages
A44: M.7.4.1 | B44: European Union | C44: =SUM(C45:C71) -> 1 | D44: =SUM(D45:D71) -> 0 | F44: =SUM(F45:F71) -> 1
A45: M.7.4.2 | B45: Austria | C45: 0 | D45: 0 | F45: 0
A46: M.7.4.3 | B46: Belgium | C46: 0 | D46: 0 | F46: 0
A47: M.7.4.4 | B47: Bulgaria | C47: 0 | D47: 0 | F47: 0
A48: M.7.4.5 | B48: Croatia | C48: 0 | D48: 0 | F48: 0
A49: M.7.4.6 | B49: Cyprus | C49: 0 | D49: 0 | F49: 0
A50: M.7.4.7 | B50: Czechia | C50: 0 | D50: 0 | F50: 0
A51: M.7.4.8 | B51: Denmark | C51: 0 | D51: 0 | F51: 0
A52: M.7.4.9 | B52: Estonia | C52: 0 | D52: 0 | F52: 0
A53: M.7.4.10 | B53: Finland | C53: 1 | D53: 0 | F53: 1
A54: M.7.4.11 | B54: France | C54: 0 | D54: 0 | F54: 0
A55: M.7.4.12 | B55: Germany | C55: 0 | D55: 0 | F55: 0
A56: M.7.4.13 | B56: Greece | C56: 0 | D56: 0 | F56: 0
... A71: M.7.4.28 | B71: Sweden | C71: 0 | D71: 0 | F71: 0
A72: M.7.4.29 | B72: European Economic Area (not member of EU) | C72: =SUM(C73:C75) -> 0 | D72: =SUM(D73:D75) -> 0 | F72: =SUM(F73:F75) -> 0
A73: M.7.4.30 | B73: Iceland | C73: 0 | D73: 0 | F73: 0
A74: M.7.4.31 | B74: Liechtenstein | C74: 0 | D74: 0 | F74: 0
A75: M.7.4.32 | B75: Norway | C75: 0 | D75: 0 | F75: 0
A76: M.7.4.33 | B76: Other | C76: =SUM(C77:C87) -> 0 | D76: =SUM(D77:D87) -> 0 | F76: =SUM(F77:F87) -> 0
A77: M.7.4.34 | B77: Switzerland | C77: 0 | D77: 0 | F77: 0
A78: M.7.4.35 | B78: United Kingdom | C78: 0 | D78: 0 | F78: 0
A79: M.7.4.36 | B79: Australia | C79: 0 | D79: 0 | F79: 0
A80: M.7.4.37 | B80: Brazil | C80: 0 | D80: 0 | F80: 0
A81: M.7.4.38 | B81: Canada | C81: 0 | D81: 0 | F81: 0
A82: M.7.4.39 | B82: Japan | C82: 0 | D82: 0 | F82: 0
A83: M.7.4.40 | B83: Korea | C83: 0 | D83: 0 | F83: 0
A84: M.7.4.41 | B84: New Zealand | C84: 0 | D84: 0 | F84: 0
A85: M.7.4.42 | B85: Singapore | C85: 0 | D85: 0 | F85: 0
A86: M.7.4.43 | B86: US | C86: 0 | D86: 0 | F86: 0
A87: M.7.4.44 | B87: Other | C87: 0 | D87: 0 | F87: 0
A88: OM.7.4.1 | B88: o/w [If relevant, please specify]
A89: OM.7.4.2 | B89: o/w [If relevant, please specify]
A90: OM.7.4.3 | B90: o/w [If relevant, please specify]
A91: OM.7.4.4 | B91: o/w [If relevant, please specify]
A92: OM.7.4.5 | B92: o/w [If relevant, please specify]
A93: OM.7.4.6 | B93: o/w [If relevant, please specify]
A94: OM.7.4.7 | B94: o/w [If relevant, please specify]
A95: OM.7.4.8 | B95: o/w [If relevant, please specify]
A96: OM.7.4.9 | B96: o/w [If relevant, please specify]
A97: OM.7.4.10 | B97: o/w [If relevant, please specify]
B98: 5. Breakdown by regions of the main country of origin | C98: % Residential Loans | D98: % Commercial Loans | F98: % Total Mortgages
A99: M.7.5.1 | B99: Aland Islands | C99: 7e-05 | D99: =SUM(D100:D148) -> 0 | F99: 7e-05
A100: M.7.5.2 | B100: Central Finland | C100: 0.05172 | D100: 0 | F100: 0.05172
A101: M.7.5.3 | B101: Central Ostrobothnia | C101: 0.00653 | D101: 0 | F101: 0.00653
A102: M.7.5.4 | B102: Etela-Savo | C102: 0.01314 | D102: 0 | F102: 0.01314
A103: M.7.5.5 | B103: Ita-Uusimaa | C103: 0 | D103: 0 | F103: 0
A104: M.7.5.6 | B104: Kainuu | C104: 0.00699 | D104: 0 | F104: 0.00699
A105: M.7.5.7 | B105: Kanta-Hame | C105: 0.02395 | D105: 0 | F105: 0.02395
A106: M.7.5.8 | B106: Kymenlaakso | C106: 0.01852 | D106: 0 | F106: 0.01852
A107: M.7.5.9 | B107: Lapland | C107: 0.02393 | D107: 0 | F107: 0.02393
A108: M.7.5.10 | B108: North Karelia | C108: 0.01966 | D108: 0 | F108: 0.01966
A109: M.7.5.11 | B109: North Ostrobothnia | C109: 0.0646 | D109: 0 | F109: 0.0646
A110: M.7.5.12 | B110: Ostrobothnia | C110: 0.01915 | D110: 0 | F110: 0.01915
A111: M.7.5.13 | B111: Paijat-Hame | C111: 0.02896 | D111: 0 | F111: 0.02896
... A148: M.7.5.50 | B148: TBC at a country level | C148: 0 | D148: 0 | F148: 0
B149: 6. Breakdown by Interest Rate | C149: % Residential Loans | D149: % Commercial Loans | F149: % Total Mortgages
A150: M.7.6.1 | B150: Fixed rate | C150: 0.02646 | D150: 0 | F150: 0.02646
A151: M.7.6.2 | B151: Floating rate | C151: 0.97354 | D151: 0 | F151: 0.97354
A152: M.7.6.3 | B152: Other | C152: 0 | D152: 0 | F152: 0
A153: OM.7.6.1
...

Sheet C. HTT Harmonised Glossary
A1: C. Harmonised Transparency Template - Glossary | C1: HTT 2026
A3: The definitions below reflect the national specificities
A5: Field Number | B5: 1. Glossary - Standard Harmonised Items | C5: Definition
A6: HG.1.1 | B6: OC Calculation: Statutory | C6: Statutory Overcollateralisation is the overcollateralisation percentage required to be provided by each Issuer and included/disclosed in the national covered bond framework.
A7: HG.1.2 | B7: OC Calculation: Contractual | C7: Contractual Overcollateralisation is the overcollateralisation percentage each Issuer has contractually agreed to maintain pursuant to the covered bond programme documents.
A8: HG.1.3 | B8: OC Calculation: Voluntary | C8: Voluntary Overcollateralisation is the difference (if positive) between the actual overcollateralisation provided by an Issuer and the higher of the contractual and statutory overcollateralisation.
A9: HG.1.4 | B9: Interest Rate Types | C9: [For completion]
A10: HG.1.5 | B10: Life of cover assets: how is it calculated? Does it only consider the final date of redemption or does it take into account scheduled redemptions for amortising assets? Is is calculated by reference to the next interest reset dates or by reference to the redemption dates ? If assets have a floating or resettable rate, which assumption do you make regarding the future applicable rate? | C10: [For completion]
A11: HG.1.6 | B11: Maturity Buckets of Covered Bonds [i.e. how is the contractual and/or expected maturity defined? What maturity structure (hard bullet, soft bullet, conditional pass through)? Under what conditions/circumstances? Etc.] | C11: [For completion]
A12: HG.1.7 | B12: Maturity Extention Triggers | C12: [insert link to the national legislation where the maturity extention triggers are listed - insert link of relevant programme prospectus]
A13: HG.1.8 | B13: LTVs: Definition | C13: [For completion]
A14: HG.1.9 | B14: LTVs: Calculation of property/shipping value | C14: [For completion]
A15: HG.1.10 | B15: LTVs: Applied property/shipping valuation techniques, including whether use of index, Automated Valuation Model (AVM) or on-site audits | C15: [For completion]
A16: HG.1.11 | B16: LTVs: Frequency and time of last valuation | C16: [For completion]
... A20: HG.1.15 | B20: Valuation Method | C20: [For completion]
A21: OHG.1.1 | B21: NPV assumptions (when stated)
A22: OHG.1.2
A23: OHG.1.3
A24: OHG.1.4
A25: OHG.1.5
A26: OHG.1.6
A27: OHG.1.7
B28: 2. Glossary - ESG items (optional) | C28: Definition
A29: HG.2.1 | B29: Sustainability - strategy pursued in the cover pool | C29: [For completion]
A30: HG.2.2 | B30: Subsidised Housing (definitions of affordable, social housing) | C30: [For completion]
A31: HG.2.3 | B31: New Property and Existing Property | C31: [For completion]
A32: OHG.2.1 | B32: Indication of proxy usage for ESG-related data (indicator, methodology, timing, share of proxy usage for single indicators etc.) | C32: [For completion]
A33: OHG.2.2
A34: OHG.2.3
A35: OHG.2.4
A36: OHG.2.5
A37: OHG.2.6
A38: OHG.2.7
A39: OHG.2.8
A40: OHG.2.9
A41: OHG.2.10
A42: OHG.2.11
A43: OHG.2.12
B44: 3. Reason for No Data | C44: Value
A45: HG.3.1 | B45: Not applicable for the jurisdiction | C45: ND1
A46: HG.3.2 | B46: Not relevant for the issuer and/or CB programme at the present time | C46: ND2
A47: HG.3.3 | B47: Not available at the present time | C47: ND3
A48: OHG.3.1 | B48: Confidential Information | C48: ND4
A49: OHG.3.2
A50: OHG.3.3
B51: 4. Glossary - Extra national and/or Issuer Items | C51: Definition
A52: HG.4.1 | B52: Other definitions deemed relevant | C52: [For completion]
A53: OHG.4.1
A54: OHG.4.2
A55: OHG.4.3
A56: OHG.4.4
A57: OHG.4.5

Sheet D. Insert Nat Trans Templ
B2: Issuer and rating
B4: Issuer: | C4: S-Pankki Oy
B5: Owner: | C5: S-Pankki Oy | H5: CRD compliant: Yes
B6: Cover Pool 1: | C6: S-Bank Cover Pool
B7: Supervisory authority: | C7: Financial Supervisory Authority (FIN-FSA)
B8: Reporting date: | C8: 46295
B10: Long Term Rating | C10: S&P
B11: Covered bond | C11: AAA
B12: Issuer
B13: Owner
B15: Outstanding covered bonds
B17: Outstanding covered bonds
B18: ISIN | C18: MEUR | D18: Currency | E18: Issue date | F18: Maturity | G18: Coupon | H18: Fix/FRN
B19: FI4000560990 | C19: 500,00 | D19: EUR | E19: 26.9.2023 0.00.00 | F19: 26.9.2028 0.00.00 | G19: 0,037500000 | H19: Fix
B20: FI4000570841 | C20: 500,00 | D20: EUR | E20: 16.4.2024 0.00.00 | F20: 16.4.2030 0.00.00 | G20: 0,030000000 | H20: Fix
C27: MEUR
B28: Non-benchmark bonds
B29: Total of outstanding bonds | C29: 1000
B30: of which repos
B32: Bond redemptions (MEUR) | C32: =YEAR(C8) -> 2026 | D32: =C32 + 1 -> 2027 | E32: =D32 + 1 -> 2028 | F32: =E32 + 1 -> 2029 | G32: =F32 + 1 -> 2030 | H32: =G32 + 1 -> 2031 | I32: =H32 + 1 -> 2032 | J32: =I32 + 1 -> 2033 | K32: =J32 + 1 -> 2034 | L32: =K32 + 1 -> 2035 | M32: =L32 + 1 & "-" -> 2036- | N32: Sum
B33: Total | E33: 500 | G33: 500 | N33: =+SUM(C33:M33) -> 1000
B35: Cover pool
B37: Cover pool assets (MEUR) | C37: Volume | D37: % | F37: Cover pool items
B38: Loans (up to LTV limit) | C38: 3234.52 | D38: 1 | F38: Number of loans | I38: 38469
B39: Substitute assets | C39: 0 | D39: 0 | F39: Number of clients | I39: 43875
B40: Other | C40: 0 | D40: 0 | F40: Number of properties | I40: 34749
B41: Eligible assets (* | C41: 3125.113 | D41: 0.96618 | F41: Average loan size (EUR) | I41: 81237
B42: Other eligible assets | C42: 0 | D42: 0
B43: Total assets | C43: =+MAX(SUM(C38:C40),SUM(C41:C42)) -> 3234.52
B45: * calculated according to section 16 in MCBA
B47: Volumes in stratification tables are presented as: | D47: LTV Distribution - whole loans. Other sections - Loans up to LTV limit / Total assets
B49: Regional distribution, MEUR | C49: Volume | D49: % | F49: Type of loan collateral (MEUR) | H49: Volume | I49: %
B50: Aland Islands | C50: 0.217 | D50: 7e-05 | F50: Single -family housing | H50: 687.185 | I50: 0.21989
B51: Central Finland | C51: 161.593 | D51: 0.05171 | F51: Flats | H51: 2437.928 | I51: 0.78011
B52: Central Ostrobothnia | C52: 20.387 | D52: 0.00652 | F52: Multi-family housing
B53: Etela-Savo | C53: 41.044 | D53: 0.01313 | F53: Commercial | H53: 0 | I53: %
B54: Ita-Uusimaa | F54: Forest & agricultural
B55: Kainuu | C55: 21.851 | D55: 0.00699 | F55: Public sector | H55: 0 | I55: %
B56: Kanta-Hame | C56: 74.819 | D56: 0.02394
B57: Kymenlaakso | C57: 57.878 | D57: 0.01852 | F57: Sum | H57: =SUM(H50:H55) -> 3125.113 | I57: =SUM(I50:I55) -> 1
B58: Lapland | C58: 74.759 | D58: 0.02392
B59: North Karelia | C59: 61.434 | D59: 0.01966
B60: North Ostrobothnia | C60: 201.841 | D60: 0.06459
B61: Ostrobothnia | C61: 59.821 | D61: 0.01914
B62: Paijat-Hame | C62: 90.48 | D62: 0.02895
B63: Pirkanmaa | C63: 317.195 | D63: 0.1015
B64: Pohjois-Savo | C64: 118.712 | D64: 0.03799
B65: Satakunta | C65: 47.521 | D65: 0.01521
B66: South Karelia | C66: 40.375 | D66: 0.01292
B67: South Ostrobothnia | C67: 45.13 | D67: 0.01444
B68: Uusimaa | C68: 1436.867 | D68: 0.45978
B69: Varsinais-Suomi | C69: 253.188 | D69: 0.08102
B70: Sum | C70: =SUM(C50:C69) -> 3125.112 | D70: =SUM(D50:D69) -> 1
B72: Interest rate type on loans, MEUR | C72: Volume | D72: % | F72: Repayments, MEUR | H72: Volume | I72: %
B73: Floating | C73: 3042.428 | D73: 0.97354 | F73: Amortizing | H73: 3110.344 | I73: 0.99527
B74: Fixed | C74: 82.685 | D74: 0.02646 | F74: Interest only (* | H74: 14.769 | I74: 0.00473
B75: Sum | C75: =SUM(C73:C74) -> 3125.113 | D75: =SUM(D73:D74) -> 1 | F75: Sum | H75: =SUM(H73:H74) -> 3125.113 | I75: =SUM(I73:I74) -> 1
F76: *) Contract level, not customer level information
B78: LTV distribution (unindexed) | C78: <=10% | D78: 10-20% | E78: 20-30% | F78: 30-40% | G78: 40-50% | H78: 50-60% | I78: 60-70% | J78: Eligible assets | K78: >70% up to 100% | L78: Total loans
B79: Loan volume, MEUR | C79: 14.116 | D79: 50.939 | E79: 100.224 | F79: 166.291 | G79: 264.884 | H79: 383.77 | I79: 522.493 | J79: 1502.718 | K79: 1622.395 | L79: 3125.113
B80: Percentage | C80: 0.00452 | D80: 0.0163 | E80: 0.03207 | F80: 0.05321 | G80: 0.08476 | H80: 0.1228 | I80: 0.16719 | J80: 0.48085 | K80: 0.51915 | L80: 1
B82: Loan maturity MEUR | C82: =YEAR(C8) -> 2026 | D82: =C82 + 1 -> 2027 | E82: =D82 + 1 -> 2028 | F82: =E82 + 1 -> 2029 | G82: =F82 + 1 -> 2030 | H82: =G82 + 1 -> 2031 | I82: =H82 + 1 -> 2032 | J82: =I82 + 1 -> 2033 | K82: =J82 + 1 -> 2034 | L82: =K82 + 1 -> 2035 | M82: =L82 + 1 & "-" -> 2036- | N82: Sum
B83: Contractual amortizations | C83: 48.011 | D83: 181.303 | E83: 174.891 | F83: 178.196 | G83: 179.685 | H83: 174.615 | I83: 173.235 | J83: 170.728 | K83: 168.488 | L83: 167.741 | M83: 1508.217 | N83: =SUM(C83:M83) -> 3125.11
B84: Percentage | C84: 0.01536 | D84: 0.05801 | E84: 0.05596 | F84: 0.05702 | G84: 0.0575 | H84: 0.05587 | I84: 0.05543 | J84: 0.05463 | K84: 0.05391 | L84: 0.05368 | M84: 0.48261 | N84: =SUM(C84:M84) -> 0.99998
B86: Seasoning | C86: 0-12 M | D86: 12-24 M | E86: 24-36 M | F86: 36-60 M | G86: > 60 M | H86: Sum
B87: Loan volume, MEUR | C87: 406.18 | D87: 446.748 | E87: 301.869 | F87: 715.53 | G87: 1254.786 | H87: =SUM(C87:G87) -> 3125.113
B88: Percentage | C88: 0.12997 | D88: 0.14295 | E88: 0.09659 | F88: 0.22896 | G88: 0.40152 | H88: =SUM(C88:G88) -> 0.99999
B90: Credit quality
B91: Past due | C91: 31-60 d | D91: 60-90 d | E91: >90 d | F91: Sum
B92: Loan volume, MEUR | C92: 0.16 | D92: 0 | E92: 0 | F92: 0.16
B93: Percentage | C93: 5e-05 | D93: 0 | E93: 0 | F93: 5e-05
B95: Impaired Loans
B96: Impaired loans, %* | C96: 0
B98: Key ratios
B100: Key ratios | F100: Calculated according to:
B101: OC, accounting | C101: 2.12511 | F101: Eligible assets, section 16 in Mortgage Credit Bank Act
B102: OC, nominal | C102: 2.23452 | F102: Total assets, including loan balances up to 100% LTV limit
B103: OC, NPV | C103: 2.0758 | F103: Eligible assets, section 16 in Mortgage Credit Bank Act
B104: WALTV (indexed) | C104: 0.67824 | F104: Eligible assets, section 16 in Mortgage Credit Bank Act
B105: WALTV total (indexed) | C105: 0.68657 | F105: Total assets, including loan balances up to 100% LTV limit
B107: Remaining average maturity (MCBA) | D107: Years | F107: Calculated according to:
B108: Assets | D108: 7.53 | F108: Section 17 in Mortgage Credit Bank Act
B109: Liabilities | D109: 2.62 | F109: Section 5.4.3 Finnish FSA regulation and guidelines 6/2012 Mortgage bank
F110: authorisation procedure and risk management
C112: Before hedges | E112: Hedges | G112: After hedges
B113: Currency risk | C113: Pool assets | D113: Covered bonds | E113: Pool assets | F113: Covered bonds | G113: Pool assets | H113: Covered bonds
B114: SEK
B115: EUR
B116: USD
B117: Other
B118: Sum | C118: =SUM(C114:C117) -> 0 | D118: =SUM(D114:D117) -> 0 | E118: =SUM(E114:E117) -> 0 | F118: =SUM(F114:F117) -> 0 | G118: =SUM(G114:G117) -> 0 | H118: =SUM(H114:H117) -> 0
B119: According to Section 13 of the MCBA, collateral entered in the register of covered bonds must be in the same currency as the covered bond.
B120: This also applies to derivatives contracts concluded to hedge against risks relating to covered bonds and the assets placed as collateral for them.
C122: Before hedges | E122: Hedges | G122: After hedges
B123: Interest rate risk | C123: Pool assets | D123: Covered bonds | E123: Pool assets | F123: Covered bonds | G123: Pool assets | H123: Covered bonds
B124: Floating | C124: 3042.428 | D124: 0 | F124: -1000 | G124: 3042.428 | H124: 1000
B125: Fixed | C125: 82.685 | D125: 1000 | F125: 1000 | G125: 82.685 | H125: 0
B126: Capped floating
B127: Sum | C127: =SUM(C124:C126) -> 3125.113 | D127: =SUM(D124:D126) -> 1000 | E127: =SUM(E124:E126) -> 0 | F127: =SUM(F124:F126) -> 0 | G127: =SUM(G124:G126) -> 3125.113 | H127: =SUM(H124:H126) -> 1000
B128: [Text]
...
